 Dungeon Crawl Stone Soup version 0.29.0-13-gc9e81de378 (webtiles) character file.

Game seed: 17263624531075230738

926 SnakkuSnakku7 the Chucker (level 8, 0/74 HPs)
             Began as an Ogre Enchanter on Sept 7, 2022.
             Slain by an orc
             ... wielding a +0 mace
              (5 damage)
             ... on level 5 of the Dungeon.
             The game lasted 00:08:09 (6515 turns).

SnakkuSnakku7 the Chucker (Ogre Enchanter)          Turns: 6515, Time: 00:08:10

Health: 0/74       AC:  5    Str: 13    XL:     8   Next: 10%
Magic:  11/11      EV: 10    Int: 16    God:
Gold:   275        SH:  0    Dex: 17    Spells: 11/11 levels left

rFire   . . .      SeeInvis .   a - +0 morningstar
rCold   . . .      Faith    .   (no shield)
rNeg    + + .      Spirit   .   u - +2 robe {rN+}
rPois   .          Reflect  .   (helmet restricted)
rElec   .          Harm     .   (no cloak)
rCorr   .          Rampage  .   (gloves unavailable)
Will    .....                   (boots unavailable)
Stlth   ++........              (no amulet)
HPRegen 0.22/turn               d - ring of positive energy
MPRegen 0.12/turn               j - +6 ring of dexterity

@: hasted, very quick
A: large, unfitting armour, tough skin 1
a: no special abilities


You were on level 5 of the Dungeon.
You visited 2 branches of the dungeon, and saw 6 of its levels.
You also visited: Sewer.

You collected 275 gold pieces.

Inventory:

Hand Weapons
 a - a +0 morningstar (weapon)
 t - a +1 mace
Missiles
 b - 2 javelins
 w - 6 poisoned darts (quivered)
Armour
 u - a +2 robe of positive energy (worn)
Jewellery
 d - a ring of positive energy (left hand)
 j - a +6 ring of dexterity (right hand)
 v - a ring of magical power
Scrolls
 e - 3 scrolls of identify {unknown}
 g - 4 scrolls of amnesia {unknown}
 h - a scroll of fear {unknown}
 i - 3 scrolls of enchant weapon
 l - 2 scrolls of teleportation {unknown}
 q - a scroll of vulnerability {unknown}
 x - a scroll of immolation {unknown}
Potions
 c - a potion of magic
 f - a potion of might {unknown}
 k - a potion of haste
 m - 2 potions of degeneration {unknown}
 n - 3 potions of attraction {unknown}
 o - a potion of curing
 p - a potion of flight {unknown}
 r - a potion of lignification {unknown}


   Skills:
 - Level 2.9 Fighting
 - Level 0.8 Short Blades
 + Level 5.5 Maces & Flails
 + Level 5.8 Throwing
 - Level 1.7 Dodging
 - Level 2.1 Stealth
 - Level 2.4 Spellcasting
 - Level 2.6 Hexes


You had 11 spell levels left.
You didn't know any spells.
Your spell library contained the following spells:

 Spells                   Type           Power      Damage    Failure   Level
 Ensorcelled Hibernation  Hex/Ice        12%        N/A       17%         2
 Apportation              Tloc           2%         N/A       21%         1
 Necrotise                Necr           4%         1d4       21%         1
 Summon Small Mammal      Summ           4%         N/A       21%         1
 Confusing Touch          Hex            10%        N/A       21%         3
 Tukima's Dance           Hex            10%        N/A       21%         3
 Dazzling Flash           Conj/Hex       12%        N/A       34%         3


Dungeon Overview and Level Annotations

Branches:
Dungeon (5/15)             Temple (1/1) D:4           Sewer (visited)

Altars:
Ashenzari
Cheibriados
Fedhas
Gozag
Hepliaklqana
Kikubaaqudgha
Makhleb
Qazlal
Ru
Sif Muna
Uskayaw
Vehumet
Wu Jian
Yredelemnul
Zin

Annotations:
D:5 Prince Ribbit


Innate Abilities, Weirdness & Mutations

You are too large for most types of armour.
You have tough skin. (AC +1)


Message History

Found Kikubaaqudgha's Guide on Death.
Found an ancient bone altar of Kikubaaqudgha.
Found a shimmering blue altar of Sif Muna.
As you open the door, it creaks loudly!
There is an open door here.
You close the door.
An orc breaks down the door.
You hit the orc.
The orc is almost dead.
You hit the orc.
You kill the orc!
You hear some strange, mumbled words.
Something tries to affect you, but you resist.
You feel better.
You aren't carrying any items that you can evoke.
Unknown command.
Throw: 8 darts (poison)
Press: ? - help, Q - select action, (/) - cycle Shift-Dir - straight line, f - orc
Aim: an orc, wielding a +0 mace (63% to hit)
You throw a poisoned dart.
The poisoned dart closely misses the orc.
Unknown command.
Throw: 7 darts (poison)
Press: ? - help, Q - select action, (/) - cycle Shift-Dir - straight line, f/p - orc
Aim: an orc, wielding a +0 mace (63% to hit)
You throw a poisoned dart.
The poisoned dart closely misses the orc.
Unknown command.
You miss something. You hit something. Something hits you.
* * * LOW HITPOINT WARNING * * *
You closely miss something.
You hear some strange, mumbled words.
A puff of flame appears from out of thin air!
The puff of flame hits you!
* * * LOW HITPOINT WARNING * * *
You closely miss the orc. Something hits you.
* * * LOW HITPOINT WARNING * * *
The orc hits you with a +0 mace.
You die...

##.. #... #### #..#
._.## #..# .:.8#
#####..##...###
#..@#....#.##8##
+.o{#......#...#
#...'....o...._#
########...#(..#..#...#
#.<)..########.##.## #
#...(........##8...##
#.....(......###...8#
#.....###+##F###._.##
#.....# ##.##.####


You could see an orc.

Vanquished Creatures
  Duvessa (D:4)
  A black bear (D:3)
  An ogre (D:5)
  3 bullfrogs
  Dowan (D:4)
  2 hounds
  2 orc priests (D:4)
  2 iguanas (D:4)
  2 orc wizards (D:4)
  8 adders
  A dart slug (D:1)
  2 worms
  8 orcs
  12 ball pythons
  5 bats
  13 endoplasms
  19 giant cockroaches
  2 goblins
  6 hobgoblins
  6 quokkas
  9 frilled lizards (Sewer)
  5 kobolds
  3 rats
114 creatures vanquished.

Vanquished Creatures (others)
  A plant (D:3)
1 creature vanquished.

Grand Total: 115 creatures vanquished

Notes
Turn   | Place    | Note
-------+----------+-------------------------------------------
     0 | D:1      | SnakkuSnakku7 the Ogre Enchanter began the quest for the
                  | Orb.
     0 | D:1      | Reached XP level 1. HP: 16/16 MP: 3/3
   108 | D:1      | Reached skill level 1 in Fighting
   135 | D:1      | HP: 1/20 [kobold/+0 dagger (2)]
   525 | D:1      | Found a faded altar of an unknown god.
   572 | D:1      | Reached XP level 2. HP: 28/28 MP: 5/5
  1085 | D:2      | Reached skill level 1 in Maces & Flails
  1149 | D:2      | Reached XP level 3. HP: 34/36 MP: 6/6
  1995 | D:3      | Found a glowing drain.
  2159 | Sewer    | Entered a sewer
  2163 | Sewer    | Reached skill level 1 in Throwing
  2203 | Sewer    | Reached XP level 4. HP: 17/44 MP: 7/7
  3181 | Sewer    | Reached XP level 5. HP: 52/52 MP: 8/8
  3596 | Sewer    | Reached XP level 6. HP: 48/59 MP: 9/9
  3727 | D:3      | Noticed a black bear
  4073 | D:3      | Found an opulent altar of Gozag.
  4405 | D:3      | Found a snail-covered altar of Cheibriados.
  4588 | D:3      | Killed a black bear
  4994 | D:4      | Reached XP level 7. HP: 56/66 MP: 10/10
  5277 | D:4      | Noticed Duvessa
  5302 | D:4      | Killed Duvessa
  5303 | D:4      | Reached skill level 5 in Throwing
  5325 | D:4      | Noticed Dowan
  5354 | D:4      | Killed Dowan
  5355 | D:4      | Reached skill level 5 in Maces & Flails
  5440 | D:4      | Found a staircase to the Ecumenical Temple.
  5466 | D:4      | Found a broken altar of Ashenzari.
  5480 | Temple   | Entered the Ecumenical Temple
  6453 | D:5      | Entered Level 5 of the Dungeon
  6455 | D:5      | Noticed Prince Ribbit
  6460 | D:5      | Reached XP level 8. HP: 35/74 MP: 11/11
  6484 | D:5      | Found a radiant altar of Vehumet.
  6491 | D:5      | Found an ancient bone altar of Kikubaaqudgha.
  6492 | D:5      | Found a shimmering blue altar of Sif Muna.
  6515 | D:5      | Slain by an orc

Illustrated notes

Levels and vault maps discovered:
D:1:      lemuel_arrival_river_ford, layout_rooms,
          shapermc_ecumenical_altar_acropolis, minmay_box_of_dots
D:2:      layout_basic, lemuel_another_geyser
D:3:      layout_loops_ring, mainiacjoe_overflow_tiny_flanked,
          cheibrodos_worm_habitat, portal_sewer_entry_d, serial_bayou_pond_b,
          corner_web_ring, saegor_snake_ambush
D:4:      layout_basic, cheibrodos_ashenzari_chains,
          minmay_temple_entry_antechambers, uniq_duvessa
D:5:      layout_gridville, grunt_temple_overflow_magic_moments,
          nicolae_dithmenos_through_a_glass_darkly, uniq_prince_ribbit1
Temple:   jpeg_temple_island

Skill      XL: |  1  2  3  4  5  6  7 |
---------------+----------------------+-----
Fighting       | 2 |  2.9
Maces & Flails | 1 2 3 4 5 |  5.5
Throwing       | 1 2 3 4 5 |  5.8
Short Blades   | |  0.8
Dodging        | |  1.7
Stealth        | |  2.1
Spellcasting   | |  2.4
Hexes          | |  2.6

Action                   |  1- 3 |  4- 6 |  7- 9 || total
-------------------------+-------+-------+-------++-------
Melee: Dagger            |    33 |       |       ||    33
       Mace              |   104 |   174 |       ||   278
       Punch             |     2 |     1 |       ||     3
       Morningstar       |       |    44 |    90 ||   134
Throw: Dart              |     4 |     1 |    22 ||    27
       Javelin           |       |     2 |     2 ||     4
  Use: Potion            |     1 |       |     5 ||     6
       Scroll            |       |     1 |     1 ||     2
 Stab: Invisible         |     1 |       |     1 ||     2
       Sleeping          |     3 |     2 |       ||     5
       Distracted        |       |     2 |     1 ||     3
Armor: Robe              |    60 |    72 |    35 ||   167
Dodge: Dodged            |    99 |   142 |    28 ||   269
